 Dungeon Crawl Stone Soup version 0.31.0-9-g3a7656b989 (webtiles) character file.

Game seed: 5490130833330159266

165 qw the Shooter (level 5, 0/26 HPs)
             Began as a Spriggan Hunter on Feb 2, 2024.
             Succumbed to a scorpion's poison
             ... on level 4 of the Dungeon.
             The game lasted 00:00:26 (1847 turns).

qw the Shooter (Spriggan Hunter)                    Turns: 1847, Time: 00:00:27

Health: 0/26       AC:  4    Str: 13    XL:     5   Next: 21%
Magic:  6/6        EV: 20    Int: 11    God:
Gold:   210        SH:  0    Dex: 20    Spells: 4/4 levels left

rFire   . . .        a - +2 shortbow
rCold   . . .        (shield currently unavailable)
rNeg    . . .        c - +0 robe
rPois   .            (helmet restricted)
rElec   .            b - +1 cloak "Jogrut" {Rampage *Slow Str+6 Stlth+}
rCorr   .            (gloves unavailable)
SInv    +            (boots unavailable)
Will    +....        (no amulet)
Stlth   +++          f - ring of willpower
HPRegen 0.24/turn    (no ring)
MPRegen 0.10/turn

%: slow self (1%), rampage
@: lethally poisoned (0 -> -7), very quick
A: very small, no large weapons, unfitting armour, see invisible, speed 3
a: no special abilities


You were on level 4 of the Dungeon.
You visited 1 branch of the dungeon, and saw 4 of its levels.

You collected 210 gold pieces.


Innate Abilities, Weirdness & Mutations

You are very small and have problems with some larger weapons.
You are too small for most types of armour.
You have supernaturally acute eyesight. (SInv)
You cover ground extremely quickly. (Speed+++)


   Skills:
 - Level 2.2 Fighting
 + Level 5.2 Ranged Weapons
 - Level 5.1 Dodging
 - Level 1.5 Stealth


You had 4 spell levels left.
You didn't know any spells.
Your spell library was empty.

Inventory:

Hand Weapons
 a - a +2 shortbow (weapon)
Armour
 b - the +1 cloak "Jogrut" (worn) {Rampage *Slow Str+6 Stlth+}
   (You acquired it on level 2 of the Dungeon)

   Str+6:     It affects your strength (+6).
   *Slow:     It may slow you when you take damage.
   Rampage:   It bestows one free step when moving towards enemies.
   Stlth+:    It makes you more stealthy.
 c - a +0 robe (worn)
Jewellery
 f - a ring of willpower (left hand)
Potions
 e - a potion of haste
 g - a potion of resistance {unknown}
 h - a potion of attraction {unknown}
 i - a potion of invisibility {unknown}

Dungeon Overview and Level Annotations

Branches:
Dungeon (4/15)
 Temple: D:4-7

Altars:
Kikubaaqudgha

Annotations:
D:1 exclusion: jackal


Message History

You have reached level 5!
You feel clever.
You shoot an arrow. The arrow closely misses the iguana.
The iguana closely misses you.
You shoot an arrow. The arrow hits the iguana!
The iguana is heavily wounded.
The iguana barely misses you. The iguana misses you.
You shoot an arrow. The arrow closely misses the iguana.
The iguana misses you.
You shoot an arrow. The arrow barely misses the iguana.
The iguana closely misses you.
You shoot an arrow. The arrow completely misses the iguana.
The iguana bites you.
You shoot an arrow. The arrow completely misses the iguana.
The iguana bites you!
You shoot an arrow. The arrow hits the iguana.
The iguana is heavily wounded.
The iguana misses you.
You shoot an arrow. The arrow barely misses the iguana.
The iguana misses you.
You shoot an arrow.
The arrow hits the iguana but does no damage.
The iguana is heavily wounded.
The iguana misses you. The iguana bites you.
You shoot an arrow. The arrow hits the iguana.
The iguana is almost dead.
The iguana completely misses you.
You shoot an arrow. The arrow hits the iguana.
You kill the iguana!
You shoot an arrow. The arrow barely misses the scorpion.
The scorpion barely misses you. The scorpion stings you.
You are lethally poisoned!
The scorpion poisons you!
You shoot an arrow. The arrow barely misses the scorpion.
You feel very sick. The scorpion completely misses you.
You shoot an arrow. The arrow closely misses the scorpion.
You feel sick. The scorpion barely misses you.
You shoot an arrow. The arrow hits the scorpion!
The scorpion is moderately wounded.
You die...

#............ .
#..K........## ..
##s...#.?.....##...
#.....#............
#..................
#..............).#
#........<.......
#.###s..#........
#.@...##....#..
##....# #..##
##....# #..#
#....>....#
#...$... ..
..#.####...# ..#..
#..##


You could see a scorpion.

Vanquished Creatures
  A sleepcap (D:4)
  An iguana (D:4)
  4 adders
  3 ribbon worms
  A dart slug (D:1)
  3 orcs (D:3)
  7 bats
  4 endoplasms
  2 giant cockroaches
  8 goblins
  3 hobgoblins
  7 jackals (D:1)
  2 kobolds (D:3)
  2 quokkas
  3 ball pythons
  3 frilled lizards
  7 rats
61 creatures vanquished.

Notes
Turn   | Place    | Note
-------+----------+-------------------------------------------
     0 | D:1      | qw the Spriggan Hunter began the quest for the Orb.
     0 | D:1      | Reached XP level 1. HP: 10/10 MP: 2/2
     0 | D:1      | 0 ||| qw: Version: 0.3-a-155-g5e7d8dd
     0 | D:1      | 0 ||| qw: Game counter: 2822
     0 | D:1      | 0 ||| qw: Melee chars always use a shield: true
     0 | D:1      | 0 ||| qw: God list: Okawaru
     0 | D:1      | 0 ||| qw: Allow faded altars: false
     0 | D:1      | 0 ||| qw: Do Orc after clearing Dungeon:15 true
     0 | D:1      | 0 ||| qw: Do second Lair branch before Depths: true
     0 | D:1      | 0 ||| qw: Lair rune preference: random
     0 | D:1      | 0 ||| qw: Goals: Normal
     0 | D:1      | 0 ||| PLANNING D:1-11
     7 | D:1      | Reached skill level 3 in Dodging
    22 | D:1      | Reached XP level 2. HP: 14/14 MP: 3/3
   263 | D:1      | Reached XP level 3. HP: 18/18 MP: 4/4
   445 | D:1      | 445 ||| DROPPING amulet of magic regeneration.
   446 | D:1      | 446 ||| READING scroll labelled PACHOS TAETH.
   447 | D:1      | 447 ||| READING 2 scrolls labelled DEOSAG NENA.
   447 | D:1      | 447 ||| ENCHANTING +0 shortbow.
   448 | D:1      | 448 ||| READING scroll of enchant weapon.
   448 | D:1      | 448 ||| ENCHANTING +1 shortbow.
   449 | D:1      | 449 ||| READING scroll labelled NYUFOU VALEEMA.
   550 | D:1      | 550 ||| READING scroll labelled PAHAFO GYB YPS.
   553 | D:1      | 553 ||| READING scroll labelled WEHINNO SIZOMU.
   554 | D:1      | 554 ||| DROPPING scroll of butterflies.
  1170 | D:2      | 1170 ||| UPGRADING to ring of willpower.
  1171 | D:2      | 1171 ||| READING scroll labelled KIZO CYGIRGH.
  1172 | D:2      | 1172 ||| READING scroll labelled KERHASYIRO.
  1172 | D:2      | Identified a scroll of acquirement
  1172 | D:2      | 1172 ||| ACQUIRING +1 cloak "Jogrut" {Rampage *Slow Str+6
                  | Stlth+}
  1172 | D:2      | Acquired the +1 cloak "Jogrut" {Rampage *Slow Str+6 Stlth+}
  1174 | D:2      | 1174 ||| UPGRADING to +1 cloak "Jogrut" {Rampage *Slow
                  | Str+6 Stlth+}.
  1179 | D:2      | 1179 ||| READING scroll labelled HAESHR CARE.
  1179 | D:2      | 1179 ||| IDENTIFYING black potion
  1180 | D:2      | 1180 ||| DROPPING potion of degeneration.
  1246 | D:3      | Reached XP level 4. HP: 22/22 MP: 5/5
  1395 | D:3      | Found a faded altar of an unknown god.
  1563 | D:3      | Found an ancient bone altar of Kikubaaqudgha.
  1794 | D:3      | 1794 ||| READING scroll of identify.
  1794 | D:3      | 1794 ||| IDENTIFYING coppery potion
  1818 | D:4      | Noticed a scorpion
  1819 | D:4      | 1819 ||| PLANNING SEWER
  1819 | D:4      | 1819 ||| RETREEEEATING.
  1820 | D:4      | 1820 ||| RETREEEEATING.
  1823 | D:4      | 1823 ||| RETREEEEATING.
  1824 | D:4      | 1824 ||| RETREEEEATING.
  1825 | D:4      | 1825 ||| RETREEEEATING.
  1833 | D:4      | Reached XP level 5. HP: 26/26 MP: 6/6
  1845 | D:4      | HP: 3/26 [poisoned by a scorpion]
  1846 | D:4      | HP: 1/26 [poisoned by a scorpion]
  1847 | D:4      | Succumbed to a scorpion's poison

Levels and vault maps discovered:
D:1:      ebering_hopf_link, layout_rooms, minmay_tall_x
D:2:      layout_loops_ring
D:3:      layout_basic, mainiacjoe_overflow_boulevard,
          dreamdust_ecumenical_altar_hidden_monk_grotto, kennysheep_crisscross
D:4:      layout_cave_pools, minmay_temple_entry_arrows,
          lightli_sewer_entry_pipes, serial_glass, glass_columns_a,
          glass_columns_c, uniq_sigmund, uniq_eustachio,
          uniq_crazy_yiuf_cottage, uniq_ijyb

Skill      XL: |  1  2  3  4 |
---------------+-------------+-----
Dodging        | 3 4 5 |  5.1
Ranged Weapons | 5 |  5.2
Fighting       | 2 |  2.2
Stealth        | |  1.5

Action                     |  1- 3 |  4- 6 || total
---------------------------+-------+-------++-------
   Fire: Shortbow          |   113 |    70 ||   183
    Use: Scroll            |     9 |     1 ||    10
 Armour: Robe              |    15 |     9 ||    24
  Dodge: Dodged            |    48 |    51 ||    99

Table legend:
 A = Non-vault XP
 B = Vault XP
 C = Vault XP percentage of total XP
 D = Non-vault monster count
 E = Vault monster count
 F = Vault count percentage of total count
                 A         B        C        D         E       F
            +---------+---------+-------+---------+---------+-------
      Total |     227 |       9 |   3.8 |      57 |       4 |   6.6
            +---------+---------+-------+---------+---------+-------
        D:1 |      33 |       9 |  21.4 |      20 |       4 |  16.7
        D:2 |      40 |       0 |   0.0 |      14 |       0 |   0.0
        D:3 |      78 |       0 |   0.0 |      21 |       0 |   0.0
        D:4 |      76 |       0 |   0.0 |       2 |       0 |   0.0
            +---------+---------+-------+---------+---------+-------
